[ PARTIDA AOE2 · #470905031 ]
UnrankedGodos vs Huns
[ ANÁLISIS DE REPETICIÓN · EXTRAÍDO DE LA PARTIDA GRABADA ]
Feudal
11:13
Castillos
—
Imperial
—
| APM promedio | 14.0 |
| APM pico | 37 |
| eAPM promedio | 9.3 |
| Aldeanos / militares | 49 / 9 |
Foco
⚔️ 19.0% · 🌾 81.0%
Scout Cavalry ×8 · Spearman ×1
Feudal
12:00
Castillos
—
Imperial
—
| APM promedio | 29.2 |
| APM pico | 85 |
| eAPM promedio | 10.2 |
| Aldeanos / militares | 34 / 25 |
Foco
⚔️ 27.7% · 🌾 72.3%
Scout Cavalry ×19 · Spearman ×6
Feudal
—
Castillos
—
Imperial
—
| APM promedio | 5.5 |
| APM pico | 75 |
| eAPM promedio | 1.8 |
| Aldeanos / militares | 11 / 0 |
Foco
⚔️ 0.0% · 🌾 100.0%
Feudal
10:03
Castillos
22:27
Imperial
—
| APM promedio | 26.5 |
| APM pico | 68 |
| eAPM promedio | 11.1 |
| Aldeanos / militares | 52 / 27 |
Foco
⚔️ 26.8% · 🌾 73.2%
Scout Cavalry ×17 · Knight ×6 · Spearman ×4
Feudal
9:45
Castillos
19:32
Imperial
—
| APM promedio | 20.7 |
| APM pico | 58 |
| eAPM promedio | 11.2 |
| Aldeanos / militares | 39 / 18 |
Foco
⚔️ 25.7% · 🌾 74.3%
Cavalry Archer ×6 · Knight ×4 · Scout Cavalry ×4 · Skirmisher ×3 · Spearman ×1
Feudal
9:41
Castillos
23:53
Imperial
—
| APM promedio | 26.8 |
| APM pico | 73 |
| eAPM promedio | 11.8 |
| Aldeanos / militares | 49 / 41 |
Foco
⚔️ 31.1% · 🌾 68.9%
Archer ×41
Mapa de la partida
Recursos iniciales + cada clic de construcción. Líneas = muros · curvas = relieve. ◆ oro · ⬟ piedra · ● bayas · ✦ reliquia · ◌ hueco del cierre
Tu base· Abierta — flanco sin cerrar
Base de Lykia· Abierta — flanco sin cerrar
Base de Ashur· Abierta — flanco sin cerrar
Base de rontgen· Abierta — flanco sin cerrar
Base de Heseldar· ✓ Cerrada en 19:32 · 48t muro · sin puerta
Base de Jota· ✓ Cerrada en 23:53 · 38t muro · 1 puerta(s)
Terreno inicial suavizado · ◌ = hueco del cierre detectado · pasá el cursor para detalles
Inputs por minuto
— Prince_Ali - - Lykia
Build order — Prince_Ali
110 acciones detectadas en el replay
| 0:02 | Crear | Villager (Male) |
| 0:02 | Crear | Villager (Male) |
| 0:02 | Crear | Villager (Male) |
| 0:02 | Crear | Villager (Male) |
| 0:02 | Crear | Villager (Male) |
| 0:04 | Construir | House |
| 0:06 | Construir | House |
| 1:39 | Crear | Villager (Male) |
| 1:58 | Construir | Lumber Camp |
| 2:26 | Crear | Villager (Male) |
| 2:26 | Crear | Villager (Male) |
| 2:26 | Crear | Villager (Male) |
| 3:12 | Crear | Villager (Male) |
| 3:13 | Crear | Villager (Male) |
| 3:46 | Construir | Mill |
| 3:50 | Crear | Villager (Male) |
| 4:06 | Crear | Villager (Male) |
| 4:06 | Crear | Villager (Male) |
| 4:11 | Construir | House |
| 4:33 | Crear | Villager (Male) |
| 4:51 | Construir | House |
| 5:18 | Crear | Villager (Male) |
| 5:32 | Crear | Villager (Male) |
| 5:51 | Crear | Villager (Male) |
| 5:51 | Crear | Villager (Male) |
| 5:57 | Construir | Mill |
| 7:01 | Crear | Villager (Male) |
| 7:02 | Crear | Villager (Male) |
| 7:04 | Crear | Villager (Male) |
| 8:04 | Construir | House |
| 8:17 | Crear | Villager (Male) |
| 8:43 | Investigar | Loom |
| 9:00 | Crear | Villager (Male) |
| 9:01 | Investigar | Feudal Age |
| 9:30 | Construir | Barracks |
| 9:57 | Construir | House |
| 10:13 | Construir | Mining Camp |
| 10:18 | Crear | Villager (Male) |
| 10:32 | Crear | Villager (Male) |
| 11:12 | Crear | Villager (Male) |
| 11:13 | Edad | Edad Feudal |
| 11:20 | Construir | Stable |
| 11:26 | Crear | Villager (Male) |
| 12:17 | Crear | Villager (Male) |
| 12:24 | Construir | Blacksmith |
| 12:52 | Crear | Spearman |
| 12:54 | Crear | Scout Cavalry |
| 12:58 | Construir | Farm |
| 13:01 | Investigar | Scale Barding Armor |
| 13:05 | Construir | House |
| 13:09 | Construir | House |
| 13:13 | Crear | Villager (Male) |
| 13:41 | Crear | Villager (Male) |
| 14:06 | Construir | Farm |
| 14:49 | Crear | Villager (Male) |
| 14:50 | Crear | Villager (Male) |
| 15:29 | Crear | Scout Cavalry |
| 15:29 | Crear | Scout Cavalry |
| 15:30 | Crear | Scout Cavalry |
| 16:30 | Crear | Villager (Male) |
| 16:30 | Crear | Villager (Male) |
| 17:53 | Construir | Watch Tower |
| 18:00 | Construir | Mining Camp |
| 18:01 | Crear | Villager (Male) |
| 18:02 | Crear | Villager (Male) |
| 18:02 | Crear | Villager (Male) |
| 18:08 | Crear | Scout Cavalry |
| 18:08 | Crear | Scout Cavalry |
| 18:22 | Construir | Palisade Wall |
| 18:26 | Construir | Palisade Wall |
| 18:27 | Construir | Palisade Wall |
| 18:30 | Construir | Palisade Wall |
| 18:32 | Construir | Palisade Wall |
| 18:57 | Construir | Farm |
| 18:59 | Construir | Farm |
| 19:05 | Crear | Scout Cavalry |
| 19:05 | Crear | Scout Cavalry |
| 19:18 | Crear | Villager (Male) |
| 19:44 | Construir | Farm |
| 19:45 | Construir | Farm |
| 21:15 | Construir | Farm |
| 21:47 | Crear | Villager (Male) |
| 22:06 | Construir | Mill |
| 22:26 | Crear | Villager (Male) |
| 22:26 | Crear | Villager (Male) |
| 22:47 | Construir | Farm |
| 22:49 | Construir | Farm |
| 22:50 | Construir | Farm |
| 23:16 | Construir | Farm |
| 23:26 | Crear | Villager (Male) |
| 23:26 | Crear | Villager (Male) |
| 23:46 | Construir | House |
| 23:47 | Construir | House |
| 24:23 | Crear | Villager (Male) ×5 |
| 24:39 | Construir | Market |
| 24:51 | Construir | House |
| 24:53 | Construir | House |
| 25:32 | Construir | Farm |
| 25:32 | Construir | Farm |
| 25:33 | Construir | Farm |
| 25:33 | Construir | Farm |
| 25:33 | Construir | Farm |
| 25:33 | Construir | Farm |
| 25:34 | Construir | Farm |
| 25:34 | Construir | Farm |
| 25:34 | Construir | Farm |
| 25:34 | Construir | Farm |
| 25:35 | Construir | Farm |
| 25:48 | Investigar | Castle Age |
| 25:55 | Construir | House |
Build order — Lykia
105 acciones detectadas en el replay
| 0:08 | Crear | Villager (Male) |
| 0:08 | Crear | Villager (Male) |
| 0:09 | Crear | Villager (Male) |
| 0:09 | Crear | Villager (Male) |
| 0:09 | Crear | Villager (Male) |
| 1:46 | Crear | Villager (Male) |
| 2:21 | Crear | Villager (Male) |
| 2:55 | Crear | Villager (Male) |
| 2:55 | Crear | Villager (Male) |
| 2:59 | Crear | Villager (Male) |
| 3:39 | Construir | Mill |
| 3:54 | Crear | Villager (Male) |
| 3:55 | Crear | Villager (Male) |
| 4:18 | Crear | Villager (Male) |
| 4:19 | Crear | Villager (Male) |
| 5:02 | Crear | Villager (Male) |
| 5:31 | Crear | Villager (Male) |
| 5:32 | Crear | Villager (Male) |
| 5:46 | Crear | Villager (Male) |
| 6:07 | Crear | Villager (Male) |
| 6:07 | Crear | Villager (Male) |
| 6:26 | Construir | Lumber Camp |
| 6:47 | Crear | Villager (Male) |
| 7:53 | Crear | Villager (Male) |
| 8:32 | Crear | Villager (Male) |
| 8:32 | Crear | Villager (Male) |
| 9:50 | Investigar | Feudal Age |
| 9:57 | Construir | Mining Camp |
| 10:18 | Construir | Farm |
| 10:18 | Construir | Farm |
| 10:18 | Construir | Farm |
| 10:18 | Construir | Farm |
| 10:19 | Construir | Farm |
| 10:51 | Construir | Barracks |
| 11:35 | Crear | Villager (Male) |
| 12:00 | Edad | Edad Feudal |
| 12:04 | Construir | Stable |
| 12:35 | Crear | Villager (Male) |
| 12:36 | Crear | Villager (Male) |
| 12:36 | Crear | Villager (Male) |
| 12:57 | Crear | Villager (Male) |
| 13:40 | Construir | Blacksmith |
| 14:04 | Investigar | Loom |
| 14:30 | Investigar | Scale Barding Armor |
| 14:50 | Construir | Farm |
| 15:12 | Investigar | Bloodlines |
| 15:12 | Crear | Scout Cavalry |
| 15:13 | Crear | Scout Cavalry |
| 15:13 | Crear | Scout Cavalry |
| 15:13 | Crear | Scout Cavalry |
| 15:13 | Crear | Scout Cavalry |
| 15:14 | Crear | Scout Cavalry |
| 15:35 | Construir | Palisade Wall |
| 15:38 | Construir | Palisade Wall |
| 15:41 | Construir | Palisade Wall |
| 15:41 | Construir | Palisade Wall |
| 15:44 | Construir | Palisade Wall |
| 15:47 | Construir | Palisade Wall |
| 15:49 | Construir | Palisade Wall |
| 16:59 | Crear | Scout Cavalry |
| 16:59 | Crear | Scout Cavalry |
| 17:11 | Construir | Farm |
| 17:12 | Construir | Farm |
| 17:12 | Construir | Farm |
| 17:12 | Construir | Farm |
| 17:13 | Construir | Farm |
| 17:43 | Crear | Scout Cavalry |
| 17:43 | Crear | Scout Cavalry |
| 18:19 | Construir | Farm |
| 18:21 | Construir | Farm |
| 18:21 | Construir | Farm |
| 19:00 | Crear | Scout Cavalry |
| 19:00 | Crear | Scout Cavalry |
| 20:34 | Construir | Palisade Wall |
| 21:11 | Crear | Spearman |
| 21:11 | Crear | Spearman |
| 21:11 | Crear | Spearman |
| 21:12 | Crear | Spearman |
| 21:15 | Crear | Scout Cavalry |
| 21:15 | Crear | Scout Cavalry |
| 21:15 | Crear | Scout Cavalry |
| 21:15 | Crear | Scout Cavalry |
| 22:06 | Crear | Scout Cavalry |
| 22:06 | Crear | Scout Cavalry |
| 22:06 | Crear | Scout Cavalry |
| 22:15 | Construir | Palisade Wall |
| 22:26 | Construir | Lumber Camp |
| 22:28 | Crear | Villager (Male) |
| 23:55 | Construir | Palisade Wall |
| 23:57 | Construir | Palisade Wall |
| 23:58 | Construir | Palisade Wall |
| 24:18 | Investigar | Forging |
| 24:20 | Crear | Villager (Male) |
| 24:20 | Crear | Villager (Male) |
| 24:23 | Crear | Villager (Male) |
| 24:23 | Crear | Villager (Male) |
| 24:28 | Crear | Spearman |
| 24:28 | Crear | Spearman |
| 24:39 | Construir | Farm |
| 24:39 | Construir | Farm |
| 24:39 | Construir | Farm |
| 24:39 | Construir | Farm |
| 24:40 | Construir | Farm |
| 24:40 | Construir | Farm |
| 24:40 | Construir | Farm |
Build order — Ashur
15 acciones detectadas en el replay
| 0:00 | Crear | Villager (Male) |
| 0:01 | Crear | Villager (Male) |
| 0:01 | Crear | Villager (Male) |
| 0:01 | Crear | Villager (Male) |
| 0:03 | Construir | House |
| 0:04 | Construir | House |
| 1:29 | Crear | Villager (Male) |
| 1:48 | Crear | Villager (Male) |
| 1:54 | Construir | Lumber Camp |
| 2:18 | Construir | House |
| 2:24 | Crear | Villager (Male) |
| 2:49 | Crear | Villager (Male) |
| 2:59 | Crear | Villager (Male) |
| 3:34 | Crear | Villager (Male) |
| 3:57 | Crear | Villager (Male) |
Build order — rontgen
145 acciones detectadas en el replay
| 0:00 | Crear | Villager (Male) |
| 0:01 | Crear | Villager (Male) |
| 0:01 | Crear | Villager (Male) |
| 0:02 | Construir | House |
| 0:04 | Construir | House |
| 0:22 | Crear | Villager (Male) |
| 0:23 | Crear | Villager (Male) |
| 1:26 | Crear | Villager (Male) |
| 1:52 | Construir | Lumber Camp |
| 2:12 | Crear | Villager (Male) |
| 2:25 | Construir | House |
| 2:43 | Crear | Villager (Male) |
| 2:52 | Crear | Villager (Male) |
| 3:08 | Crear | Villager (Male) |
| 3:31 | Crear | Villager (Male) |
| 4:25 | Construir | Mill |
| 4:52 | Crear | Villager (Male) |
| 4:52 | Crear | Villager (Male) |
| 4:53 | Crear | Villager (Male) |
| 4:53 | Crear | Villager (Male) |
| 4:53 | Crear | Villager (Male) |
| 5:19 | Crear | Villager (Male) |
| 5:38 | Crear | Villager (Male) |
| 5:53 | Construir | House |
| 6:29 | Crear | Villager (Male) |
| 6:47 | Construir | Mill |
| 7:53 | Investigar | Feudal Age |
| 7:53 | Investigar | Feudal Age |
| 8:20 | Investigar | Loom |
| 8:20 | Crear | Villager (Male) |
| 8:21 | Crear | Villager (Male) |
| 8:46 | Construir | Barracks |
| 9:00 | Crear | Villager (Male) |
| 9:18 | Construir | Palisade Wall |
| 9:28 | Crear | Villager (Male) |
| 9:52 | Construir | House |
| 10:03 | Edad | Edad Feudal |
| 10:29 | Construir | Stable |
| 10:57 | Investigar | Double-Bit Axe |
| 11:05 | Construir | Palisade Wall |
| 11:10 | Construir | Palisade Gate |
| 11:18 | Construir | Palisade Wall |
| 11:19 | Crear | Scout Cavalry |
| 11:19 | Crear | Scout Cavalry |
| 11:20 | Crear | Scout Cavalry |
| 11:20 | Crear | Scout Cavalry |
| 11:31 | Crear | Villager (Male) |
| 11:42 | Construir | Farm |
| 11:42 | Construir | Farm |
| 11:44 | Construir | Farm |
| 12:07 | Construir | Farm |
| 12:13 | Investigar | Horse Collar |
| 12:44 | Construir | Palisade Wall |
| 12:51 | Construir | Gate |
| 12:56 | Construir | Palisade Gate |
| 12:58 | Crear | Villager (Male) |
| 12:58 | Crear | Villager (Male) |
| 12:59 | Crear | Villager (Male) |
| 12:59 | Crear | Villager (Male) |
| 13:02 | Construir | Farm |
| 13:04 | Construir | Farm |
| 13:15 | Crear | Scout Cavalry |
| 13:19 | Construir | House |
| 13:35 | Construir | House |
| 13:50 | Construir | Farm |
| 14:01 | Crear | Villager (Male) |
| 14:44 | Crear | Villager (Male) |
| 14:48 | Construir | Farm |
| 14:49 | Construir | Farm |
| 14:51 | Crear | Spearman |
| 14:52 | Crear | Spearman |
| 14:57 | Construir | Mining Camp |
| 15:02 | Construir | Farm |
| 15:03 | Construir | Farm |
| 15:27 | Crear | Villager (Male) |
| 15:30 | Construir | Farm |
| 15:55 | Crear | Villager (Male) |
| 15:58 | Construir | Farm |
| 16:00 | Crear | Villager (Male) |
| 16:18 | Crear | Villager (Male) |
| 16:27 | Crear | Villager (Male) |
| 16:42 | Crear | Spearman |
| 16:43 | Crear | Spearman |
| 17:06 | Construir | Farm |
| 17:10 | Construir | House |
| 17:34 | Construir | House |
| 17:44 | Construir | Farm |
| 17:45 | Construir | Farm |
| 18:04 | Crear | Villager (Male) |
| 18:05 | Crear | Villager (Male) |
| 18:11 | Construir | Farm |
| 18:15 | Construir | Farm |
| 18:15 | Construir | Farm |
| 18:15 | Construir | Farm |
| 18:15 | Construir | Farm |
| 18:23 | Construir | Farm |
| 18:30 | Construir | House |
| 18:32 | Construir | House |
| 18:34 | Construir | Palisade Wall |
| 18:47 | Crear | Villager (Male) |
| 18:58 | Construir | Blacksmith |
| 19:04 | Crear | Villager (Male) |
| 19:05 | Crear | Villager (Male) |
| 19:47 | Investigar | Castle Age |
| 19:59 | Investigar | Gold Mining |
| 20:26 | Construir | Palisade Wall |
| 20:29 | Crear | Villager (Male) |
| 20:29 | Crear | Villager (Male) |
| 20:53 | Construir | Stable |
| 20:54 | Construir | Stable |
| 21:12 | Crear | Villager (Male) |
| 21:47 | Crear | Scout Cavalry |
| 21:47 | Crear | Scout Cavalry |
| 21:51 | Investigar | Scale Barding Armor |
| 22:05 | Investigar | Bloodlines |
| 22:06 | Crear | Scout Cavalry ×5 |
| 22:14 | Construir | Palisade Wall |
| 22:27 | Edad | Edad de los Castillos |
| 22:34 | Construir | Town Center |
| 22:42 | Investigar | Husbandry |
| 23:07 | Investigar | Light Cavalry (upgrade) |
| 23:09 | Crear | Scout Cavalry |
| 23:14 | Construir | House |
| 23:16 | Construir | House |
| 23:19 | Crear | Villager (Male) |
| 23:36 | Construir | Farm |
| 23:37 | Construir | Farm |
| 23:37 | Construir | Farm |
| 23:39 | Construir | Farm |
| 23:55 | Construir | Farm |
| 23:56 | Construir | Farm |
| 24:02 | Crear | Scout Cavalry ×4 |
| 24:09 | Construir | House |
| 24:20 | Construir | House |
| 24:23 | Crear | Villager (Male) ×3 |
| 24:44 | Crear | Villager (Male) ×3 |
| 24:57 | Construir | Farm |
| 24:59 | Crear | Knight |
| 25:09 | Construir | Farm |
| 25:13 | Crear | Villager (Male) ×2 |
| 25:22 | Construir | House |
| 25:23 | Construir | House |
| 25:40 | Crear | Knight ×3 |
| 25:55 | Crear | Knight ×2 |
| 26:01 | Construir | Palisade Wall |
Build order — Heseldar
115 acciones detectadas en el replay
| 0:01 | Crear | Villager (Male) |
| 0:01 | Crear | Villager (Male) |
| 0:02 | Construir | House |
| 0:03 | Construir | House |
| 0:35 | Crear | Villager (Male) |
| 0:35 | Crear | Villager (Male) |
| 1:32 | Crear | Villager (Male) |
| 1:33 | Crear | Villager (Male) |
| 2:03 | Construir | Lumber Camp |
| 2:08 | Crear | Villager (Male) |
| 2:36 | Crear | Villager (Male) |
| 2:57 | Crear | Villager (Male) |
| 3:05 | Construir | House |
| 3:08 | Construir | House |
| 3:43 | Crear | Villager (Male) |
| 4:03 | Crear | Villager (Male) |
| 4:13 | Crear | Villager (Male) |
| 5:07 | Construir | Mill |
| 5:10 | Crear | Villager (Male) |
| 5:10 | Crear | Villager (Male) |
| 5:10 | Crear | Villager (Male) |
| 6:12 | Crear | Villager (Male) |
| 6:48 | Investigar | Loom |
| 7:19 | Crear | Villager (Male) |
| 7:35 | Investigar | Feudal Age |
| 8:13 | Crear | Villager (Male) |
| 8:39 | Crear | Villager (Male) |
| 9:10 | Construir | Barracks |
| 9:45 | Edad | Edad Feudal |
| 9:55 | Construir | Stable |
| 10:00 | Crear | Villager (Male) |
| 10:16 | Construir | Farm |
| 10:20 | Construir | Farm |
| 10:20 | Construir | Farm |
| 10:20 | Construir | Farm |
| 10:20 | Construir | Farm |
| 10:21 | Construir | Farm |
| 10:36 | Crear | Scout Cavalry ×4 |
| 10:52 | Crear | Villager (Male) |
| 11:06 | Construir | Mill |
| 11:09 | Crear | Villager (Male) |
| 11:31 | Construir | House |
| 11:32 | Construir | House |
| 11:41 | Construir | House |
| 11:46 | Crear | Villager (Male) |
| 12:15 | Construir | Blacksmith |
| 12:20 | Crear | Villager (Male) |
| 12:42 | Construir | Farm |
| 12:47 | Crear | Spearman |
| 13:08 | Construir | Farm |
| 13:09 | Crear | Villager (Male) |
| 13:09 | Crear | Villager (Male) |
| 13:32 | Construir | Mining Camp |
| 14:14 | Construir | Farm |
| 14:21 | Crear | Villager (Male) |
| 14:21 | Crear | Villager (Male) |
| 14:27 | Construir | House |
| 14:32 | Construir | Palisade Wall |
| 14:47 | Construir | House |
| 14:50 | Construir | Palisade Wall |
| 14:52 | Construir | Palisade Wall |
| 14:56 | Construir | Farm |
| 14:56 | Crear | Villager (Male) |
| 15:23 | Construir | Palisade Wall |
| 15:25 | Construir | Palisade Wall |
| 15:38 | Crear | Villager (Male) |
| 15:40 | Construir | Farm |
| 15:42 | Crear | Villager (Male) |
| 16:47 | Construir | Farm |
| 16:48 | Construir | Farm |
| 16:50 | Crear | Villager (Male) |
| 16:52 | Investigar | Castle Age |
| 17:11 | Construir | Archery Range |
| 17:34 | Investigar | Fletching |
| 18:26 | Investigar | Double-Bit Axe |
| 18:28 | Investigar | Horse Collar |
| 18:30 | Investigar | Gold Mining |
| 18:32 | Crear | Villager (Male) |
| 18:58 | Construir | House |
| 19:01 | Construir | House |
| 19:02 | Construir | House |
| 19:12 | Crear | Villager (Male) |
| 19:32 | Edad | Edad de los Castillos |
| 19:58 | Crear | Knight |
| 20:18 | Investigar | Bodkin Arrow |
| 20:29 | Construir | Lumber Camp |
| 20:37 | Construir | House |
| 20:43 | Crear | Villager (Male) |
| 20:46 | Crear | Cavalry Archer |
| 20:46 | Crear | Cavalry Archer |
| 21:20 | Construir | House |
| 21:57 | Crear | Cavalry Archer |
| 21:57 | Crear | Cavalry Archer |
| 22:01 | Crear | Knight |
| 22:06 | Construir | House |
| 22:07 | Construir | House |
| 22:08 | Construir | House |
| 22:31 | Construir | Town Center |
| 22:49 | Construir | House |
| 22:56 | Crear | Villager (Male) |
| 22:56 | Crear | Villager (Male) |
| 23:07 | Construir | House |
| 23:20 | Crear | Cavalry Archer |
| 23:20 | Crear | Cavalry Archer |
| 23:34 | Construir | Siege Workshop |
| 24:00 | Construir | House |
| 24:05 | Construir | Farm |
| 24:21 | Crear | Knight |
| 24:21 | Crear | Knight |
| 24:24 | Crear | Skirmisher |
| 24:25 | Crear | Skirmisher |
| 24:25 | Crear | Skirmisher |
| 24:27 | Crear | Villager (Male) |
| 24:27 | Crear | Villager (Male) |
| 25:04 | Construir | Farm |
Build order — Jota
146 acciones detectadas en el replay
| 0:01 | Crear | Villager (Male) |
| 0:01 | Crear | Villager (Male) |
| 0:01 | Crear | Villager (Male) |
| 0:03 | Construir | House |
| 0:04 | Construir | House |
| 0:19 | Crear | Villager (Male) |
| 1:17 | Crear | Villager (Male) |
| 1:17 | Crear | Villager (Male) |
| 1:39 | Crear | Villager (Male) |
| 1:39 | Crear | Villager (Male) |
| 2:05 | Crear | Villager (Male) |
| 2:05 | Crear | Villager (Male) |
| 2:11 | Construir | Lumber Camp |
| 2:42 | Crear | Villager (Male) |
| 2:42 | Crear | Villager (Male) |
| 2:52 | Crear | Villager (Male) |
| 2:53 | Crear | Villager (Male) |
| 3:26 | Construir | House |
| 3:31 | Construir | House |
| 3:41 | Crear | Villager (Male) |
| 3:41 | Crear | Villager (Male) |
| 3:42 | Crear | Villager (Male) |
| 3:51 | Crear | Villager (Male) |
| 3:51 | Crear | Villager (Male) |
| 4:25 | Crear | Villager (Male) |
| 4:25 | Crear | Villager (Male) |
| 4:37 | Crear | Villager (Male) |
| 5:04 | Crear | Villager (Male) |
| 5:08 | Crear | Villager (Male) |
| 5:17 | Crear | Villager (Male) |
| 5:32 | Construir | Mill |
| 6:58 | Investigar | Loom |
| 7:26 | Investigar | Feudal Age |
| 7:26 | Investigar | Feudal Age |
| 7:36 | Construir | Barracks |
| 7:41 | Construir | House |
| 7:50 | Crear | Villager (Male) |
| 7:50 | Crear | Villager (Male) |
| 8:00 | Construir | Mill |
| 8:20 | Construir | Mining Camp |
| 8:29 | Crear | Villager (Male) |
| 9:41 | Edad | Edad Feudal |
| 9:45 | Crear | Villager (Male) |
| 9:51 | Crear | Villager (Male) |
| 10:00 | Construir | Archery Range |
| 10:09 | Construir | Blacksmith |
| 10:16 | Crear | Villager (Male) |
| 10:33 | Investigar | Double-Bit Axe |
| 10:45 | Construir | House |
| 10:50 | Construir | Palisade Wall |
| 10:53 | Crear | Villager (Male) |
| 11:01 | Crear | Archer |
| 11:01 | Crear | Archer |
| 11:08 | Crear | Villager (Male) |
| 11:19 | Crear | Villager (Male) |
| 11:41 | Crear | Villager (Male) |
| 11:50 | Construir | Archery Range |
| 12:01 | Crear | Villager (Male) |
| 12:14 | Crear | Villager (Male) |
| 12:15 | Investigar | Fletching |
| 12:20 | Crear | Archer |
| 12:48 | Crear | Archer |
| 12:49 | Crear | Archer |
| 13:16 | Crear | Archer |
| 13:16 | Crear | Archer |
| 13:19 | Investigar | Padded Archer Armor |
| 13:22 | Crear | Villager (Male) |
| 13:22 | Crear | Villager (Male) |
| 13:26 | Construir | House |
| 13:28 | Construir | House |
| 13:29 | Construir | House |
| 13:52 | Crear | Archer |
| 13:52 | Crear | Archer |
| 14:20 | Crear | Archer |
| 14:20 | Crear | Archer |
| 14:25 | Crear | Villager (Male) |
| 14:26 | Crear | Villager (Male) |
| 15:14 | Crear | Archer ×3 |
| 15:18 | Crear | Villager (Male) |
| 15:21 | Construir | Farm |
| 15:21 | Construir | Farm |
| 15:21 | Construir | Farm |
| 15:22 | Construir | Farm |
| 15:22 | Construir | Farm |
| 15:22 | Construir | Farm |
| 15:25 | Crear | Villager (Male) |
| 16:08 | Crear | Archer ×2 |
| 17:00 | Crear | Archer ×3 |
| 17:10 | Crear | Archer |
| 17:20 | Construir | Farm |
| 17:21 | Construir | Farm |
| 17:21 | Construir | Farm |
| 17:21 | Construir | Farm |
| 17:21 | Construir | Farm |
| 17:22 | Construir | Farm |
| 17:22 | Construir | Farm |
| 17:22 | Construir | Farm |
| 18:12 | Crear | Archer ×3 |
| 18:33 | Crear | Archer |
| 18:37 | Construir | Farm |
| 18:37 | Construir | Farm |
| 18:37 | Construir | Farm |
| 18:41 | Construir | House |
| 18:43 | Construir | House |
| 19:11 | Crear | Archer ×2 |
| 19:27 | Crear | Archer |
| 19:52 | Crear | Archer |
| 20:02 | Crear | Villager (Male) |
| 20:03 | Crear | Villager (Male) |
| 21:13 | Investigar | Castle Age |
| 21:13 | Investigar | Castle Age |
| 21:25 | Construir | Palisade Wall |
| 21:28 | Construir | Palisade Wall |
| 21:31 | Construir | Palisade Wall |
| 21:37 | Construir | Palisade Gate |
| 21:52 | Crear | Archer |
| 21:52 | Crear | Archer |
| 21:53 | Crear | Archer |
| 22:09 | Crear | Archer |
| 22:10 | Crear | Archer |
| 22:44 | Crear | Archer |
| 23:07 | Construir | House |
| 23:11 | Construir | House |
| 23:12 | Construir | House |
| 23:14 | Construir | House |
| 23:53 | Edad | Edad de los Castillos |
| 23:56 | Investigar | Crossbowman (upgrade) |
| 23:57 | Investigar | Crossbowman (upgrade) |
| 24:21 | Crear | Archer ×3 |
| 25:03 | Crear | Archer ×2 |
| 25:10 | Construir | House |
| 25:13 | Construir | House |
| 25:13 | Construir | House |
| 25:14 | Construir | House |
| 25:14 | Construir | House |
| 25:15 | Construir | House |
| 25:15 | Construir | House |
| 25:16 | Construir | House |
| 25:16 | Construir | House |
| 25:21 | Construir | House |
| 25:24 | Construir | Farm |
| 25:27 | Crear | Villager (Male) |
| 25:27 | Crear | Villager (Male) |
| 25:31 | Crear | Villager (Male) |
| 25:31 | Crear | Villager (Male) |
| 25:44 | Crear | Archer ×2 |
Cronología de la partida
| 6:36 | Ashur · resign |
| 7:36 | Jota · first_building Barracks |
| 8:46 | rontgen · first_building Barracks |
| 9:10 | Heseldar · first_building Barracks |
| 9:18 | rontgen · wall_segment Palisade Wall x13 |
| 9:30 | Prince_Ali · first_building Barracks |
| 9:41 | Jota · age_up feudal |
| 9:45 | Heseldar · age_up feudal |
| 9:55 | Heseldar · first_building Stable |
| 10:00 | Jota · first_building Archery Range |
| 10:03 | rontgen · age_up feudal |
| 10:29 | rontgen · first_building Stable |
| 10:50 | Jota · wall_segment Palisade Wall x5 |
| 10:51 | Lykia · first_building Barracks |
| 11:05 | rontgen · wall_segment Palisade Wall x6 |
| 11:13 | Prince_Ali · age_up feudal |
| 11:18 | rontgen · wall_segment Palisade Wall x1 |
| 11:20 | Prince_Ali · first_building Stable |
| 12:00 | Lykia · age_up feudal |
| 12:04 | Lykia · first_building Stable |
| 12:44 | rontgen · wall_segment Palisade Wall x16 |
| 14:32 | Heseldar · wall_segment Palisade Wall x6 |
| 14:50 | Heseldar · wall_segment Palisade Wall x1 |
| 14:52 | Heseldar · wall_segment Palisade Wall x12 |
| 15:23 | Heseldar · wall_segment Palisade Wall x16 |
| 15:25 | Heseldar · wall_segment Palisade Wall x13 |
| 15:35 | Lykia · wall_segment Palisade Wall x3 |
| 15:38 | Lykia · wall_segment Palisade Wall x14 |
| 15:41 | Lykia · wall_segment Palisade Wall x8 |
| 15:41 | Lykia · wall_segment Palisade Wall x1 |
| 15:44 | Lykia · wall_segment Palisade Wall x16 |
| 15:47 | Lykia · wall_segment Palisade Wall x4 |
| 15:49 | Lykia · wall_segment Palisade Wall x4 |
| 17:11 | Heseldar · first_building Archery Range |
| 18:22 | Prince_Ali · wall_segment Palisade Wall x1 |
| 18:26 | Prince_Ali · wall_segment Palisade Wall x1 |
| 18:27 | Prince_Ali · wall_segment Palisade Wall x1 |
| 18:30 | Prince_Ali · wall_segment Palisade Wall x1 |
| 18:32 | Prince_Ali · wall_segment Palisade Wall x1 |
| 18:34 | rontgen · wall_segment Palisade Wall x6 |
| 19:32 | Heseldar · age_up castle |
| 20:26 | rontgen · wall_segment Palisade Wall x4 |
| 20:34 | Lykia · wall_segment Palisade Wall x15 |
| 21:25 | Jota · wall_segment Palisade Wall x8 |
| 21:28 | Jota · wall_segment Palisade Wall x19 |
| 21:31 | Jota · wall_segment Palisade Wall x6 |
| 22:14 | rontgen · wall_segment Palisade Wall x15 |
| 22:15 | Lykia · wall_segment Palisade Wall x9 |
| 22:27 | rontgen · age_up castle |
| 23:34 | Heseldar · first_building Siege Workshop |
| 23:53 | Jota · age_up castle |
| 23:55 | Lykia · wall_segment Palisade Wall x6 |
| 23:57 | Lykia · wall_segment Palisade Wall x8 |
| 23:58 | Lykia · wall_segment Palisade Wall x3 |
| 26:01 | rontgen · wall_segment Palisade Wall x14 |
[ ANÁLISIS IA · 1 CRÉDITO ]
¿Qué pasó realmente en esta partida?
Wolo.gg analiza cada decisión: build order, eco, micro, errores típicos por bracket. Análisis personalizado por WhatsApp o Discord en 30 segundos.
Guía civ
Godos
Perfil
Jugador #2399419